Map: Purity and Industry LE

Players

DnS

  • Race: Protoss Protoss
  • League: Grandmaster
  • Spawn Location: 3:00

HeroMarine - Winner!

  • Race: Terran Terran
  • Spawn Location: 12:00

Event: StayAtHomestory Cup #1

VOD

Have the link to the VOD?

Description

Time

  • Played on: April 10, 2020, 4:53 p.m.
  • Length: 18:16

All games in this series

Show
View Real Time Build Order
Export as new Build Order

DnS Protoss 

Build Orders: 1 Gate Expand, Oracle Opening 

Get SALT Encoding   

  12  0:00  Probe  
  13  0:12  Probe  
  14  0:18  Pylon  
  14  0:24  Probe (Chrono Boost)  
  15  0:37  Probe (Chrono Boost)  
  15  0:38  Gateway  
  16  0:45  Probe (Chrono Boost)  
  16  0:46  Assimilator  
  17  0:51  Probe  
  18  1:03  Probe  
  19  1:15  Probe  
  20  1:25  Cybernetics Core  
  20  1:34  Nexus  
  20  1:37  Probe  
  21  1:44  Pylon  
  21  1:51  Probe  
  21  1:53  Assimilator  
  22  1:59  Adept (Chrono Boost)  
  22  2:04  Probe  
  25  2:09  Shield Battery  
  25  2:16  Probe  
  25  2:19  Adept (Chrono Boost)  
  28  2:30  Stargate  
  28  2:33  Probe  
  29  2:44  Warp Gate  
  29  2:45  Probe (Chrono Boost)  
  30  2:56  Probe (Chrono Boost)  
  30  2:57  Adept  
  34  3:03  Probe (Chrono Boost)  
  34  3:05  Probe (Chrono Boost)  
  35  3:10  Probe x2 (Chrono Boost)  
  36  3:15  Oracle  
  37  3:23  Probe x2 (Chrono Boost)  
  38  3:33  Adept  
  42  3:35  Probe (Chrono Boost)  
  42  3:38  Probe (Chrono Boost)  
  42  3:40  Probe (Chrono Boost)  
  42  3:45  Probe, Pylon  
  44  3:49  Probe  
  45  4:00  Probe  
  46  4:03  Phoenix, Gateway  
  46  4:04  Gateway  
  41  4:12  Probe (Chrono Boost)  
  41  4:13  Probe (Chrono Boost)  
  43  4:23  Probe (Chrono Boost)  
  43  4:24  Probe (Chrono Boost)  
  45  4:29  Probe x2 (Chrono Boost)  
  47  4:34  Phoenix  
  47  4:35  Sentry  
  51  4:40  Probe  
  51  4:41  Probe, Pylon  
  53  4:52  Probe, Pylon  
  53  4:59  Phoenix  
  56  5:00  Probe  
  57  5:11  Sentry, Adept x2  
  57  5:13  Probe  
  64  5:21  Nexus  
  64  5:22  Probe  
  64  5:25  Probe  
  66  5:31  Assimilator  
  66  5:32  Forge  
  66  5:34  Probe, Twilight Council, Assimilator  
  67  5:40  Pylon  
  67  5:41  Stalker  
  67  5:48  Phoenix (Chrono Boost)  
  69  5:58  Stalker x2  
  69  6:02  Shield Battery  
  71  6:05  Shield Battery  
  71  6:10  Phoenix (Chrono Boost)  
  73  6:19  Pylon  
  73  6:25  Adept x2  
  76  6:35  Phoenix  
  73  6:47  Charge (Chrono Boost)  
  73  6:54  Stalker  
  73  6:55  Stalker  
  73  6:58  Cybernetics Core  
  73  6:59  Protoss Ground Weapons Level 1 (Chrono Boost)  
  73  7:00  Phoenix  
  79  7:13  Probe x2  
  79  7:14  Probe  
  82  7:19  Gateway  
  82  7:22  Gateway  
  82  7:26  Probe (Chrono Boost)  
  82  7:28  Probe (Chrono Boost)  
  85  7:30  Probe (Chrono Boost)  
  85  7:36  Probe (Chrono Boost), Robotics Facility  
  87  7:37  Probe (Chrono Boost)  
  87  7:40  Probe (Chrono Boost)  
  87  7:41  Probe (Chrono Boost)  
  87  7:43  Probe  
  89  7:50  Probe  
  91  7:54  Probe  
  91  7:55  Probe  
  93  8:03  Gateway  
  93  8:04  Gateway  
  93  8:05  Gateway  
  93  8:06  Pylon  
  93  8:07  Gateway  
  93  8:08  Pylon  
  93  8:11  Pylon  
  93  8:12  Pylon  
  93  8:13  Pylon  
  93  8:15  Gateway  
  93  8:16  Gateway  
  93  8:18  Gateway  
  93  8:20  Gateway  
  93  8:21  Templar Archives  
  93  8:22  Immortal (Chrono Boost)  
  93  8:24  Probe x3  
  100  8:30  Robotics Bay  
  100  8:36  Probe x2  
  100  8:41  Zealot x4  
  104  8:43  Probe  
  104  8:46  Assimilator  
  104  8:47  Pylon  
  104  8:48  Probe, Assimilator  
  111  8:52  Blink  
  112  8:58  Protoss Ground Armor Level 1 (Chrono Boost)  
  112  9:04  Forge  
  112  9:05  Pylon  
  112  9:12  Zealot x4  
  112  9:14  High Templar x2  
  122  9:18  Colossus (Chrono Boost)  
  122  9:22  Archon  
  128  9:30  Extended Thermal Lance  
  128  9:32  Pylon, Protoss Ground Weapons Level 2 (Chrono Boost)  
  128  9:35  Pylon  
  128  9:36  Pylon  
  128  9:39  Pylon  
  128  9:50  Zealot x6  
  138  9:58  Probe  
  137  10:01  Colossus (Chrono Boost)  
  138  10:17  Zealot x4  
  138  10:20  Probe x2  
  109  10:28  Zealot x2  
  109  10:29  Zealot  
  89  10:43  Probe  
  89  10:47  Sentry, Colossus (Chrono Boost), High Templar x4  
  108  10:54  Protoss Ground Armor Level 2 (Chrono Boost), Archon  
  108  10:55  Archon  
  106  11:02  Nexus  
  106  11:06  Stalker  
  106  11:07  Stalker  
  110  11:11  Probe x2  
  110  11:12  Probe  
  110  11:16  Zealot x2  
  117  11:24  High Templar x2  
  117  11:25  Zealot x2  
  125  11:29  Probe x3, Archon  
  128  11:33  Warp Prism (Chrono Boost)  
  130  11:41  Zealot x3  
  130  11:45  High Templar x2  
  130  11:46  Zealot  
  142  11:48  Robotics Facility  
  142  11:51  Archon  
  142  12:06  Assimilator, Disruptor (Chrono Boost)  
  142  12:13  Zealot x6  
  142  12:14  Protoss Ground Weapons Level 3  
  157  12:21  Gateway  
  157  12:22  Gateway  
  157  12:29  Pylon, Assimilator  
  157  12:32  Probe x3, Disruptor (Chrono Boost)  
  157  12:33  Probe  
  164  12:38  Disruptor (Chrono Boost)  
  164  12:42  Zealot x2  
  169  12:49  Stalker x2  
  173  12:54  Stalker x2  
  177  13:03  Disruptor (Chrono Boost)  
  178  13:08  Disruptor (Chrono Boost)  
  181  13:16  Zealot x3  
  181  13:17  Zealot x5  
  181  13:19  Protoss Ground Armor Level 3  
  195  13:24  Stalker  
  195  13:25  Stalker x2, Zealot x6  
  193  13:29  Disruptor (Chrono Boost)  
  193  13:33  Disruptor (Chrono Boost)  
  199  13:44  Nexus  
  199  13:51  Sentry  
  199  13:52  Sentry  
  186  14:03  Pylon  
  186  14:05  Pylon  
  186  14:06  Pylon  
  186  14:08  Pylon  
  182  14:21  Observer  
  156  14:31  Observer  
  156  14:33  Nexus  
  156  14:36  Zealot x7  
  156  14:37  Zealot x3  
  160  14:43  Observer  
  125  14:57  Zealot x10  
  119  15:22  Stalker x5, High Templar x2  
  119  15:23  High Templar x2  
  119  15:26  Archon x2  
  137  15:29  Pylon  
  135  15:41  Warp Prism (Chrono Boost)  
  135  15:42  Zealot  
  137  15:48  High Templar x2  
  137  15:49  High Templar x2  
  147  15:54  Archon x2  
  147  15:55  High Templar x2  
  147  15:56  Zealot  
  153  16:00  Archon  
  153  16:03  Stalker x2  
  157  16:11  Stalker  
  159  16:17  Zealot  
  161  16:31  Zealot x6  
  172  16:35  Zealot x2  
  172  16:41  Stalker  
  172  16:42  Stalker  
  172  16:43  Stalker x2  
  152  17:04  Zealot x6  
  152  17:05  Zealot  
  152  17:07  Sentry  
  164  17:15  Stalker x2  
  126  17:30  Zealot x5  
  118  17:42  Zealot x4  
  87  18:00  Zealot x6  
  87  18:02  Stalker  
  89  18:08  Stalker  
Show
View Real Time Build Order
Export as new Build Order

HeroMarine Terran - Winner!

Build Orders: Gas First Reaper Expand 

Get SALT Encoding   

  12  0:00  SCV  
  13  0:13  SCV  
  14  0:17  Supply Depot  
  14  0:25  SCV  
  14  0:28  Refinery  
  15  0:38  SCV  
  16  0:44  Barracks  
  16  0:50  SCV  
  17  1:02  SCV  
  18  1:15  SCV  
  19  1:33  Reaper, Orbital Command  
  20  1:47  Command Center  
  20  1:58  Factory  
  20  2:02  SCV  
  20  2:08  Barracks Reactor  
  21  2:14  SCV  
  22  2:21  Supply Depot  
  22  2:26  SCV  
  23  2:34  Refinery  
  23  2:42  SCV  
  23  2:43  Hellion  
  26  2:45  Marine x2  
  26  2:50  Supply Depot  
  27  2:54  SCV  
  28  3:03  Marine x2  
  30  3:07  SCV  
  30  3:11  Hellion  
  32  3:19  SCV  
  33  3:26  Marine x2  
  35  3:31  SCV  
  35  3:32  Starport  
  35  3:34  Factory Tech Lab  
  36  3:43  Marine  
  36  3:44  SCV, Orbital Command, Marine  
  38  3:52  Cyclone  
  41  3:56  SCV  
  41  4:01  Marine x2  
  44  4:08  SCV  
  43  4:12  Viking  
  43  4:13  SCV  
  44  4:20  SCV  
  45  4:29  Cyclone  
  50  4:32  SCV  
  50  4:33  Supply Depot  
  50  4:34  SCV, Marine  
  50  4:37  Marine  
  52  4:42  Medivac  
  54  4:48  Supply Depot  
  54  4:54  Marine x2  
  54  4:55  SCV x2, Supply Depot  
  58  5:01  Siege Tank  
  62  5:07  SCV  
  62  5:10  SCV  
  62  5:11  Supply Depot  
  62  5:12  Marine x2  
  62  5:13  Liberator  
  68  5:19  SCV  
  69  5:22  SCV  
  70  5:30  Marine x2  
  70  5:31  SCV  
  70  5:33  Supply Depot, Cyclone  
  70  5:34  SCV  
  77  5:43  SCV  
  77  5:46  SCV  
  77  5:48  Marine x2  
  81  5:51  Command Center  
  81  5:55  SCV  
  82  5:58  SCV  
  82  6:03  Liberator  
  84  6:06  Marine x2  
  84  6:07  SCV  
  84  6:09  Bunker  
  84  6:10  SCV  
  88  6:13  Barracks  
  88  6:14  Barracks  
  87  6:19  SCV  
  87  6:22  SCV  
  87  6:23  Marine x2  
  87  6:24  Engineering Bay  
  90  6:31  SCV  
  91  6:34  SCV  
  91  6:38  Refinery  
  91  6:39  Refinery  
  87  6:41  Marine x2  
  87  6:42  Bunker  
  87  6:43  SCV  
  87  6:46  SCV  
  85  6:54  Factory Tech Lab  
  85  6:56  SCV  
  85  6:58  SCV, Terran Infantry Weapons Level 1, Engineering Bay  
  85  6:59  Marine x2  
  89  7:08  SCV, Raven  
  89  7:10  SCV, Barracks Tech Lab  
  90  7:17  Marine x2  
  90  7:19  Barracks  
  90  7:20  SCV, Barracks  
  93  7:23  SCV  
  93  7:25  Stimpack  
  93  7:26  Marauder  
  93  7:27  Terran Infantry Armor Level 1  
  97  7:32  SCV  
  97  7:34  Orbital Command  
  97  7:35  SCV, Missile Turret x2, Marine  
  97  7:36  Barracks Reactor  
  96  7:44  SCV  
  96  7:46  Marine x2  
  96  7:47  SCV  
  95  7:56  SCV  
  96  7:59  SCV  
  96  8:04  Orbital Command  
  98  8:07  Starport Reactor  
  98  8:08  SCV  
  98  8:10  Missile Turret  
  98  8:11  Marauder, Marine x2, Siege Tank  
  98  8:12  Supply Depot, Marine x2  
  105  8:14  SCV  
  105  8:16  Supply Depot  
  105  8:17  Supply Depot  
  105  8:19  Armory  
  108  8:20  SCV  
  108  8:26  SCV  
  110  8:32  SCV, Marauder, Marine, Barracks Tech Lab x2  
  110  8:33  Marine x2  
  116  8:34  Missile Turret  
  116  8:36  SCV  
  116  8:38  SCV  
  116  8:41  Marine  
  119  8:44  SCV  
  119  8:45  Medivac x2  
  119  8:48  SCV  
  125  8:49  Refinery  
  125  8:50  Marine, Siege Tank  
  125  8:51  Refinery  
  125  8:53  Combat Shield  
  125  8:54  SCV, Marine  
  125  8:55  Marine x2  
  132  8:56  Marine  
  132  8:57  SCV, Marine  
  132  9:00  Marine  
  136  9:04  Supply Depot  
  136  9:05  Supply Depot  
  136  9:08  Marine  
  137  9:12  Marine x2, Terran Infantry Weapons Level 2  
  137  9:15  Supply Depot  
  137  9:16  Marauder  
  141  9:25  Supply Depot, Marine x2  
  141  9:26  Marauder, Marine  
  146  9:32  Starport  
  146  9:39  Factory Reactor, Marauder  
  146  9:41  Viking x2  
  146  9:42  Marine x2  
  146  9:43  Marine  
  146  9:44  Command Center, Marauder  
  157  9:50  Terran Ship Weapons Level 1, Concussive Shells  
  157  9:51  Marauder  
  159  9:53  Marine  
  159  9:59  Marine x2  
  160  10:00  Marauder  
  160  10:01  Marine  
  160  10:05  Marauder  
  165  10:11  Marine  
  165  10:13  Marauder  
  155  10:17  Marine x2  
  155  10:19  Marine  
  144  10:22  Viking x2, Marauder  
  144  10:26  Marauder  
  135  10:28  Marine  
  135  10:31  SCV x2  
  135  10:32  SCV  
  135  10:34  Marauder  
  124  10:38  Viking x2  
  124  10:41  Marine x3  
  118  10:43  SCV x2, Marauder  
  118  10:44  SCV  
  118  10:48  Marauder  
  122  10:53  Terran Infantry Armor Level 2  
  122  10:55  SCV, Medivac, Marauder, Ghost Academy  
  127  10:59  SCV  
  127  11:00  SCV  
  129  11:07  SCV, Marine x4  
  134  11:11  SCV  
  134  11:15  Medivac x2  
  140  11:19  SCV, Planetary Fortress  
  140  11:20  Barracks  
  140  11:23  Viking  
  143  11:25  Marauder  
  143  11:27  Marauder, Marine  
  143  11:28  Marine x3  
  149  11:36  Barracks  
  149  11:38  Barracks  
  149  11:39  Sensor Tower  
  149  11:40  SCV, Refinery  
  149  11:41  SCV, Refinery  
  149  11:42  SCV  
  154  11:48  Viking x2  
  154  11:51  Ghost  
  154  11:52  SCV, Marauder, Marine x2  
  154  11:53  Marine x2  
  163  11:54  Marauder  
  162  12:09  Marine  
  162  12:10  Supply Depot, Marine x3  
  162  12:11  Marine  
  162  12:13  Ghost  
  162  12:15  Enhanced Shockwaves, Marine  
  169  12:20  Ghost, Command Center  
  172  12:27  Barracks Reactor  
  172  12:28  Marauder, Marine x2, Barracks Tech Lab  
  172  12:29  Missile Turret  
  176  12:33  Marauder  
  178  12:40  Terran Infantry Weapons Level 3  
  178  12:42  Marauder  
  178  12:43  Marine  
  181  12:44  Marine  
  181  12:46  Marine x2  
  181  12:49  Marauder x2  
  188  12:52  Missile Turret  
  188  12:54  Marine  
  188  12:57  Command Center  
  188  12:58  Ghost  
  191  13:07  Ghost  
  191  13:10  Ghost  
  191  13:12  Terran Infantry Armor Level 3  
  193  13:15  Terran Ship Weapons Level 2  
  193  13:17  Marine  
  193  13:18  Marine  
  193  13:22  Marauder  
  193  13:26  Supply Depot  
  195  13:28  Missile Turret  
  195  13:40  Fusion Core  
  195  13:45  Missile Turret  
  195  13:46  Medivac x2  
  193  14:18  Liberator x2  
  199  14:27  Marauder  
  188  14:32  Marauder, Marine x2  
  188  14:33  Marauder  
  182  14:39  Marauder  
  182  14:41  Marine x3  
  182  14:42  Marauder  
  161  14:46  Marine  
  161  14:48  Marauder  
  161  14:49  Marine x2, Liberator x2  
  161  14:50  Advanced Ballistics  
  163  14:53  Marauder  
  163  14:55  Marauder  
  163  14:58  Marine  
  163  14:59  Marine x2  
  159  15:00  Marauder  
  159  15:03  Marauder, Marine  
  156  15:09  Marauder  
  146  15:15  Marauder  
  146  15:16  Marauder  
  146  15:17  Marine  
  146  15:18  Marine x2, Liberator x2  
  146  15:19  Marine x2  
  155  15:21  Marine  
  155  15:22  Marauder  
  155  15:24  Marauder  
  160  15:32  Medivac x2, Planetary Fortress  
  160  15:34  Terran Ship Weapons Level 3  
  166  15:35  Orbital Command  
  168  15:43  Sensor Tower  
  168  15:48  Ghost x2  
  168  15:50  Ghost  
  168  15:51  Ghost, Missile Turret  
  168  15:54  Refinery x2  
  172  15:58  Ghost  
  172  16:00  Marine x4  
  172  16:01  Medivac x2, Marine x2  
  183  16:26  Marauder  
  183  16:32  Marauder, Marine  
  186  16:33  Marauder, Marine x2  
  186  16:35  Marauder  
  186  16:36  Marine x2  
  186  16:39  Marauder  
  196  16:47  Marauder  
  173  16:54  Marauder  
  173  16:55  Marauder  
  173  16:57  Marauder, Liberator x2  
  173  17:01  Marauder  
  177  17:03  Liberator x2  
  177  17:08  Marine x2  
  185  17:09  Marauder  
  185  17:15  Marauder  
  189  17:16  Marauder  
  189  17:20  Marauder, Marine x2  
  189  17:21  Marine x2  
  180  17:29  Marauder  
  157  17:30  Marauder, Marine  
  157  17:32  SCV x3  
  157  17:33  SCV x2  
  157  17:36  SCV  
  153  17:39  Marauder, Marine x3  
  153  17:43  Marauder  
  144  17:47  Marauder, Marine x2  
  144  17:48  Marine  
  144  17:50  SCV x2, Marauder  
  150  17:51  SCV, Marine  
  150  17:52  SCV  
  150  17:57  Marine x2  
  150  17:58  Marine  
Tags
 
Add a new tag
Caveats
  • Supply blocks, unpowered buildings, or Contaminate may cause inaccurate times.
  • Supply counts are checked every 10 seconds.